 Dungeon Sprint DCSS version 0.31-a0-536-ga3e2962e35 (webtiles) character file.

Game seed: 218650066911986307

9 Conn the Firebug (level 2, 0/17 HPs)
             Began as an Octopode Fire Elementalist on Aug 13, 2023.
             Was an Initiate of Sif Muna.
             Slain by a gnoll
             ... wielding a +0 flail
              (9 damage)
             ... in the Dungeon (Sprint VII: "The Pits").
             The game lasted 00:00:42 (126 turns).

Conn the Firebug (Octopode Fire Elementalist)        Turns: 126, Time: 00:00:46

Health: 0/17       AC:  1    Str:  7    XL:     2   Next: 12%
Magic:  1/5        EV: 13    Int: 17    God:    Sif Muna [......]
Gold:   0          SH:  0    Dex: 12    Spells: 3/6 levels left

rFire   . . .        g - +2 dagger
rCold   . . .        (no shield)
rNeg    . . .        (helmet restricted)
rPois   .            (no amulet)
rElec   .            (no ring)
rCorr   .            (no ring)
SInv    .            (no ring)
Will    .....        (no ring)
Stlth   +++          (no ring)
HPRegen 0.22/turn    (no ring)
MPRegen 0.09/turn    (no ring)
                     (no ring)

%: no teleportation
@: very slightly contaminated
A: almost no armour, amphibious, 8 rings, camouflage 1, gelatinous body 1,
(nimble swimmer 1), tentacles
a: Renounce Religion


You were in the Dungeon.
You worshipped Sif Muna.
Sif Muna was noncommittal.
You visited 1 branch

Inventory:

Hand Weapons
 g - a +2 dagger (weapon)
Scrolls
 f - a scroll of blinking
 i - 5 scrolls of amnesia
 j - a scroll of butterflies
Potions
 a - 5 potions of magic
 b - a potion of curing
 c - a potion of heal wounds
 d - a potion of haste
 e - 3 potions of berserk rage
 h - 2 potions of invisibility


   Skills:
 + Level 2.3 Dodging
 + Level 3.1 Stealth
 * Level 2.5 Spellcasting
 * Level 1.0 Conjurations
 + Level 4.3 Fire Magic


You had 3 spell levels left.
You knew the following spells:

 Your Spells              Type           Power      Damage    Failure   Level
a - Foxfire               Conj/Fire      44%        2x1d6     6%          1
b - Scorch                Fire           34%        2d6       4%          2

Your spell library contained the following spells:

 Spells                   Type           Power      Damage    Failure   Level
 Inner Flame              Hex/Fire       9%         N/A       22%         3
 Volatile Blastmotes      Fire/Tloc      18%        2d11      22%         3
 Flame Wave               Conj/Fire      11%        2d6       52%         4


Dungeon Overview and Level Annotations

Branches:
Dungeon (1/1)

Altars:
Ashenzari
Cheibriados
Dithmenos
Elyvilon
Fedhas
Gozag
Hepliaklqana
Kikubaaqudgha
Makhleb
Nemelex Xobeh
Okawaru
Qazlal
Ru
Sif Muna
Trog
Uskayaw
Vehumet
Wu Jian
Xom
Yredelemnul
Zin
The Shining One
Jiyva
Lugonu


Innate Abilities, Weirdness & Mutations

You cannot wear most types of armour.
You are amphibious.
You can wear up to eight rings at the same time.
Your skin changes colour to match your surroundings (Stealth+).
Your rubbery body absorbs attacks. (AC +1, EV +1)
((You are camouflaged when in or above water. (Stealth+)))
You have tentacles for arms and can constrict up to eight enemies at once.


Message History

Found fourteen altars.
There is an open door to the Temple (Safe) here.
Found three altars.
Found three altars.
There is a shimmering blue altar of Sif Muna here.
You curl up in front of the altar of Sif Muna.
Sif Muna welcomes you!
There is a sacrificial altar of Ru here.
There is a stormy altar of Qazlal here.
There is a sacrificial altar of Ru here.
There is a shimmering blue altar of Sif Muna here.
There is a bloodstained altar of Trog here.
There is an open door to the Temple (Safe) here.
You open the door.
A gnoll and an adder skeleton come into view.
Okay, then.
You close the door.
You start memorising the spell.
You continue memorising. x2
You finish memorising.
Spell assigned to 'b'.
You open the door.
There is an open door here.
The helpless gnoll fails to defend itself.
You puncture the gnoll! Your grab misses the gnoll.
The gnoll is severely wounded.
The gnoll hits you with a +0 flail!
Ouch! That really hurt!
There is an open door here.
Casting: Foxfire (safe; 6% risk of failure)
Confirm with . or Enter, or press ? or * to list all spells.
You miscast Scorch.
You are very lightly contaminated with residual magic.
Nothing appears to happen.
The gnoll closely misses you.
Unknown command.
Casting: Scorch (safe; 4% risk of failure)
Confirm with . or Enter, or press ? or * to list all spells.
Flames lash the gnoll.
The gnoll is severely wounded.
The gnoll's fire resistance burns away.
The gnoll hits you with a +0 flail!
Ouch! That really hurt!
You die...

############
#_________.#
#_________.#
#_______...###########+
##########'##..........
#.?(.')))'.##......#..#
##########.##..........
#.....@.....†..........
#+#####g#####......#..#
#.....# #..........
#..Z..# ####'#####+
###+### #.......#
#.......# #.......#
#...<...# #.......#


You could see a gnoll (combustible).

Vanquished Creatures
  An adder (D)
1 creature vanquished.

Vanquished Creatures (others)
  6 foxfires (D)
6 creatures vanquished.

Grand Total: 7 creatures vanquished

Notes
Turn   | Place    | Note
-------+----------+-------------------------------------------
     0 | D        | Conn the Octopode Fire Elementalist began the quest for the
                  | Orb.
     0 | D        | Reached XP level 1. HP: 11/11 MP: 3/3
    17 | D        | Reached skill level 4 in Fire Magic
    17 | D        | Reached XP level 2. HP: 10/17 MP: 0/5
    98 | D        | Found a bloodstained altar of Trog.
    98 | D        | Found a shimmering blue altar of Sif Muna.
    98 | D        | Found a viscous altar of Jiyva.
    98 | D        | Found a hazy altar of Hepliaklqana.
    98 | D        | Found an opulent altar of Gozag.
    99 | D        | Found a glowing golden altar of the Shining One.
    99 | D        | Found a glowing silver altar of Zin.
    99 | D        | Found a basalt altar of Yredelemnul.
    99 | D        | Found a shimmering altar of Xom.
    99 | D        | Found an ornate altar of the Wu Jian Council.
    99 | D        | Found a sacrificial altar of Ru.
    99 | D        | Found a stormy altar of Qazlal.
    99 | D        | Found an iron altar of Okawaru.
    99 | D        | Found a sparkling altar of Nemelex Xobeh.
    99 | D        | Found a burning altar of Makhleb.
    99 | D        | Found a blossoming altar of Fedhas.
    99 | D        | Found a white marble altar of Elyvilon.
    99 | D        | Found a shadowy altar of Dithmenos.
    99 | D        | Found a snail-covered altar of Cheibriados.
   100 | D        | Found a radiant altar of Vehumet.
   100 | D        | Found a corrupted altar of Lugonu.
   101 | D        | Found an ancient bone altar of Kikubaaqudgha.
   101 | D        | Found a hide-covered altar of Uskayaw.
   101 | D        | Found a broken altar of Ashenzari.
   102 | D        | Became a worshipper of Sif Muna the Loreminder
   119 | D        | Learned a level 2 spell: Scorch
   126 | D        | Slain by a gnoll

Illustrated notes

Levels and vault maps discovered:
D:        pitsprint [storerooms_1, entrance_room_1, metal_vault_1, armoury_2,
          mini_pit_1, grid_room_1, main_hall_1, silver_pit, the_coven_2,
          the_vestibule_1, steel_vault_2, golden_pit, hallway_of_sentries,
          crystal_vault_3, iron_vault_1, final_vault]

Skill      XL: |  1 |
---------------+----+-----
Stealth        | 3 |  3.1
Fire Magic     | 4 |  4.3
Dodging        | |  2.3
Spellcasting   | |  2.5
Conjurations   | |  1.0

Action                     || total
---------------------------++-------
  Melee: Unarmed           ||     1
         Constrict         ||     1
         Dagger            ||     1
   Cast: Foxfire           ||     3
         Scorch            ||     1
   Stab: Sleeping          ||     1
  Dodge: Dodged            ||     4

Table legend: (Time is in decaauts)
 A = Elapsed time spent in this place.
 B = Non-inter-level travel time spent in this place.
 C = Inter-level travel time spent in this place.
 D = Time resting spent in this place.
 E = Time spent auto-exploring this place.
 F = Levels seen in this place.
 G = Mean time per level.
                   A        B        C        D        E       F      G
               +--------+--------+--------+--------+--------+-----+--------+
         Total |    125 |    125 |      0 |     50 |      0 |   1 |  125.0 |
       Dungeon |    125 |    125 |      0 |     50 |      0 |   1 |  125.0 |
               +--------+--------+--------+--------+--------+-----+--------+

Top non-repeatable levels by time:
       D: 125 daAuts
